 Seeded DCSS version 0.27-a0-249-g74f53ef (webtiles) character file.

Game seed: 4420131295711702939 (custom seed)

344603 Illumine the Warrior (level 21, -2/208 HPs)
             Began as a Palentonga Enchanter on Feb 1, 2021.
             Was the Champion of Okawaru.
             Killed from afar by a fire giant (32 damage)
             ... with a bolt of fire
             ... on level 2 of the Vaults on Feb 3, 2021.
             The game lasted 02:31:56 (57309 turns).

Illumine the Warrior (Palentonga Enchanter)        Turns: 57309, Time: 02:31:57

Health: -2/208     AC: 61    Str: 23    XL:     21   Next: 15%
Magic:  24/28      EV:  9    Int: 16    God:    Okawaru [******]
Gold:   2572       SH:  5    Dex: 10    Spells: 18/24 levels left

rFire    + . .     SeeInvis +   a - +3 double sword (elec)
rCold    . . .     Faith    .   (no shield)
rNeg     + . .     Spirit   .   y - +13 plate armour of Caqaw {Str-2 Dex+2 Slay+2}
rPois    +         Reflect  +   e - +2 hat {Will+}
rElec    +         Harm     +   v - scarf {shadows}
rCorr    .         Rampage  .   M - +1 pair of gloves of Snakes and Ladders {Harm Str+4}
Will     ++...                  n - +10 Black Knight's barding {ponderous, rPois rN+}
Stlth    ..........             o - amulet of reflection
HPRegen  0.44/turn              (no ring)
MPRegen  0.21/turn              X - ring "Qixut" {rElec rPois rF+ Dex-3 SInv}

@: heroism, finesse, curled up, slow
A: large, rugged brown scales 3, see invisible, deformed body, roll 1, armoured
tail, reflexive curl
}: 2/15 runes: decaying, serpentine
a: Rolling Charge, Renounce Religion, Heroism, Finesse


You were on level 2 of the Vaults.
You worshipped Okawaru.
Okawaru was exalted by your worship.
You visited 6 branches of the dungeon, and saw 33 of its levels.
You also visited: Bailey and Volcano.

You collected 6452 gold pieces.
You spent 3880 gold pieces at shops.

Inventory:

Hand Weapons
 a - a +3 double sword of electrocution (weapon)
 b - a +2 longbow of flaming
 p - the +11 falchion of Eternal War {flame, Str+2}
   (You bought it in a shop on level 2 of the Orcish Mines)

   It has been specially enchanted to burn those struck by it, causing extra
   injury to most foes and up to half again as much damage against particularly
   susceptible opponents.
   Big, fiery blades are also staple armaments of hydra-hunters.
   It affects your strength (+2).
 Z - the +6 short sword of Unpleasantness {holy, rElec rF+ Str+4 Stlth-}
   (You found it on level 9 of the Dungeon)

   It has been blessed by the Shining One to cause great damage to the undead
   and demons.
   It affects your strength (+4).
   It protects you from fire.
   It insulates you from electricity.
   It makes you less stealthy.
Missiles
 k - 454 arrows
Armour
 e - a +2 hat of willpower (worn)
 n - the +10 Black Knight's barding (worn) {ponderous, rPois rN+}
   (You found it in a bailey)

   It protects you from poison.
   It protects you from negative energy.
 v - a scarf of shadows (worn)
 y - the +13 plate armour of Caqaw (worn) {Str-2 Dex+2 Slay+2}
   (You took it off an orc in a bailey)

   It affects your strength (-2).
   It affects your dexterity (+2).
   It affects your accuracy and damage with ranged weapons and melee attacks
   (+2).
 M - the +1 pair of gloves of Snakes and Ladders (worn) {Harm Str+4}
   (You acquired it on level 11 of the Dungeon)

   It affects your strength (+4).
   It increases damage dealt and taken.
 O - the +1 barding "Tacwenun" {rF+ Regen+ rCorr Str+4}
   (Okawaru gifted it to you on level 4 of the Snake Pit)

   It affects your strength (+4).
   It protects you from fire.
   It increases your rate of regeneration.
   It provides partial protection from all sources of acid and corrosion.
Jewellery
 o - an amulet of reflection (around neck)
 q - an uncursed ring of willpower
 s - an uncursed ring of positive energy
 u - an uncursed ring of ice
 K - a +6 ring of strength
 N - an uncursed ring of protection from fire
 R - an uncursed amulet of faith
 S - an uncursed ring of resist corrosion
 X - the ring "Qixut" (right hand) {rElec rPois rF+ Dex-3 SInv}
   (You bought it in a shop on level 1 of the Snake Pit)

   [ring of see invisible]

   It affects your dexterity (-3).
   It protects you from fire.
   It insulates you from electricity.
   It protects you from poison.
   It lets you see invisible.
 Y - the amulet of Quuwkyle {Spirit rPois rN+}
   (You acquired it on level 11 of the Dungeon)

   [amulet of guardian spirit]

   It causes incoming damage to be split between your health and magic.
   It protects you from poison.
   It protects you from negative energy.
Wands
 h - a wand of mindburst (29)
 C - a wand of polymorph (68)
 G - a wand of iceblast (36)
 I - a wand of charming (23)
 U - a wand of digging (9)
 V - a wand of acid (36)
Scrolls
 c - a scroll of holy word
 d - 4 scrolls of magic mapping
 g - 21 scrolls of remove curse
 i - 7 scrolls of immolation
 l - 2 scrolls of identify
 r - 12 scrolls of teleportation
 t - 7 scrolls of enchant armour
 x - 2 scrolls of vulnerability
 D - 9 scrolls of fog
 E - 6 scrolls of blinking
 Q - 2 scrolls of silence
 W - a scroll of fear
Potions
 f - 16 potions of curing
 j - 3 potions of resistance
 m - 6 potions of mutation
 w - 5 potions of flight
 z - 4 potions of lignification
 A - 5 potions of attraction
 B - 2 potions of heal wounds
 F - 6 potions of might
 H - a potion of cancellation
 J - 4 potions of haste
 P - a potion of ambrosia
Miscellaneous
 L - a phial of floods
 T - a tin of tremorstones (2/2)


   Skills:
 + Level 18.4(23.4) Fighting
 - Level 11.6(19.5) Short Blades
 - Level 14.5(21.0) Long Blades
 * Level 8.3(13.3) Bows
 + Level 17.1(22.1) Armour
 - Level 8.0(13.0) Dodging
 - Level 2.0(7.0) Stealth
 + Level 2.0 Spellcasting
 - Level 3.0 Hexes
 + Level 10.0 Invocations
 + Level 10.1 Evocations


You had 18 spell levels left.
You knew the following spells:

 Your Spells              Type           Power        Failure   Level
a - Corona                Hex            12%          30%         1
b - Ensorcelled Hibernat  Hex/Ice        12%          65%         2
c - Tukima's Dance        Hex            11%          67%         3

Your spell library contained the following spells:

 Spells                   Type           Power        Failure   Level
 Slow                     Hex            11%          43%         2
 Confusing Touch          Hex            11%          67%         3
 Animate Skeleton         Necr           2%           71%         1
 Beastly Appendage        Tmut           2%           71%         1
 Foxfire                  Conj/Fire      4%           71%         1
 Sting                    Tmut/Pois      4%           71%         1
 Blink                    Tloc           N/A          85%         2
 Corpse Rot               Necr/Air       N/A          85%         2
 Poisonous Vapours        Pois/Air       2%           85%         2
 Sublimation of Blood     Necr           0%           85%         2
 Wereblood                Tmut           1%           85%         2
 Dazzling Flash           Conj/Hex       12%          86%         3
 Inner Flame              Hex/Fire       6%           86%         3
 Portal Projectile        Hex/Tloc       12%          86%         3
 Conjure Flame            Conj/Fire      1%           97%         3
 Gell's Gravitas          Tloc           0%           97%         3
 Ignite Poison            Fire/Tmut/Pois 1%           97%         3
 Lesser Beckoning         Tloc           0%           97%         3
 Mephitic Cloud           Conj/Pois/Air  1%           97%         3
 Spider Form              Tmut/Pois      0%           97%         3
 Teleport Other           Tloc           1%           97%         3
 Cause Fear               Hex            5%           97%         4
 Leda's Liquefaction      Hex/Erth       3%           99%         4
 Animate Armour           Summ/Erth      2%           100%        4
 Animate Dead             Necr           0%           100%        4
 Dispel Undead            Necr           1%           100%        4
 Ice Form                 Ice/Tmut       1%           100%        4
 Iskenderun's Mystic Bla  Conj/Tloc      1%           100%        4
 Olgreb's Toxic Radiance  Pois           1%           100%        4
 Passage of Golubria      Tloc           N/A          100%        4
 Sticky Flame             Conj/Fire      1%           100%        4
 Summon Lightning Spire   Summ/Air       1%           100%        4
 Agony                    Necr           1%           100%        5
 Blade Hands              Tmut           0%           100%        5
 Bolt of Magma            Conj/Fire/Erth 0%           100%        5
 Excruciating Wounds      Necr           0%           100%        5
 Fireball                 Conj/Fire      0%           100%        5
 Silence                  Hex/Air        3%           100%        5
 Yara's Violent Unravell  Hex/Tmut       3%           100%        5
 Conjure Ball Lightning   Conj/Air       0%           100%        6
 Death Channel            Necr           0%           100%        6
 Dispersal                Tloc           0%           100%        6
 Iron Shot                Conj/Erth      0%           100%        6
 Statue Form              Tmut/Erth      0%           100%        6
 Discord                  Hex            5%           100%        8
 Disjunction              Tloc           0%           100%        8
 Shatter                  Erth           0%           100%        9
 Tornado                  Air            0%           100%        9


Dungeon Overview and Level Annotations

Branches:
Dungeon (15/15)            Temple (0/1) D:6            Lair (6/6) D:10
  Swamp (4/4) Lair:2        Snake (4/4) Lair:4        Slime (0/5) Lair:6
    Orc (2/2) D:11            Elf (0/3) Orc:2        Vaults (2/5) D:14
  Crypt (0/3) Vaults:2     Depths (0/5) D:15         Bailey (visited)
Volcano (visited)

Altars:
Ashenzari
Dithmenos
Elyvilon
Kikubaaqudgha
Makhleb
Okawaru
Uskayaw
Vehumet
Xom
Zin
Lugonu

Shops:
D:6 **   D:7 !   D:8 !   D:9 }   D:10 =   Orc:2 !(((   Snake:1 :}=}   Snake:2 !

Annotations:
Swamp:4 2 transporters, Foxy's ghost, adept GrFi


Innate Abilities, Weirdness & Mutations

You are completely covered in rugged brown scales. (AC +3, +7% HP)
You have supernaturally acute eyesight. (SInv)
Armour fits poorly on your strangely shaped body.
You can roll at nearby foes to attack.
You have a long armoured tail.
You curl defensively after being hit.


Message History

A freezing wraith comes into view.
The stone giant hits you!!
* * * LOW HITPOINT WARNING * * *
The ironheart preserver mumbles some strange words.
The ironheart preserver is healed somewhat.
The freezing wraith moves out of view.
There is an open door, spattered with blood here.
The stone giant throws a large rock.
The large rock hits you.
* * * LOW HITPOINT WARNING * * *
The fire giant casts a spell at you.
The bolt of fire hits you but does no damage.
Unknown command.
You feel much better.
The ironbrand convoker casts a spell at the freezing wraith.
The freezing wraith seems to grow stronger.
The stone giant throws a large rock.
The large rock hits you!
* * * LOW HITPOINT WARNING * * *
The fire giant gestures at you while chanting.
The bolt of fire hits you!! You resist.
You die...

#..###...## #..##..⌠..#
#..###...##
#############))###...##
'...'......))W)##.....#
'.p.'.......#pp####'######
#############OC#.......(.#
#.C'....#....#
#..#@.#...#..#
#..#.........#
#..#.#.....#.#
#..#.........#
#..#..#...#..#
#..#....#....#
#..#.........#
#..########### #..#


You could see an ironheart preserver, a fire giant, a stone giant (strong), an
ogre mage, an ironbrand convoker (catching breath) and a freezing wraith
(strong).

Vanquished Creatures
  A bone dragon (Vaults:2)
  A sphinx (Vaults:1)
  3 fenstrider witches
  Kirke (Swamp:1)
  9 nagarajas
  2 vault wardens (Vaults:1)
  An orc warlord (Bailey)
  A frost giant (Vaults:1)
  8 ironheart preservers
  A very ugly thing (Vaults:1)
  A reaper (Swamp:4)
  A dire elephant (D:15)
  An entropy weaver (Vaults:1)
  4 bunyips
  An ettin (Vaults:2)
  A blizzard demon (Swamp:4)
  4 eleionomae
  A shambling mangrove (Swamp:2)
  4 fire dragons
  7 yaktaur captains
  26 hydras
  10 ogre magi
  4 great orbs of eyes (Vaults:1)
  Erolcha (D:13)
  An ice dragon (Vaults:2)
  A ghost crab (Swamp:4)
  3 boulder beetles
  16 naga warriors
  8 vault guards
  2 catoblepae
  4 centaur warriors
  A death knight (Vaults:1)
  6 anacondas
  13 death yaks
  29 two-headed ogres
  16 alligators
  9 naga sharpshooters
  8 shock serpents
  A spriggan berserker (Swamp:3)
  4 orc high priests (Orc:2)
  A soul eater (Swamp:4)
  A sixfirhy (Swamp:4)
  3 deep elf knights
  A salamander mystic (Snake:4)
  A glowing orange brain (Vaults:2)
  10 spriggan druids
  7 swamp dragons
  7 deep trolls
  4 goliath frogs
  A deep elf archer (Vaults:1)
  8 naga ritualists
  13 orc knights
  6 wizards
  6 unseen horrors
  10 bog bodies
  6 ironbrand convokers
  4 harpies (Vaults:2)
  A harpy (shapeshifter) (Vaults:1)
  12 mana vipers
  5 wolf spiders
  9 deep elf pyromancers
  A necromancer (Vaults:1)
  2 lindwurms (Lair:6)
  A phantasmal warrior (Vaults:1)
  2 deep elf zephyrmancers
  10 salamanders
  2 oklob plants
  3 ugly things
  5 will-o-the-wisps
  A manticore (shapeshifter) (Vaults:1)
  3 orc sorcerers
  4 cyclopes
  A frost giant zombie (Vaults:1)
  A human skeleton (Vaults:1)
  7 manticores
  17 elephants
  47 black mambas
  22 naga magi
  A black mamba (shapeshifter) (Vaults:1)
  2 centaur zombies (D:13)
  5 orange demons (Swamp:4)
  3 guardian serpents
  7 vault sentinels
  6 torpor snails
  Maurice (D:9)
  2 gargoyles (D:11)
  3 kobold demonologists
  13 cane toads
  A yaktaur (shapeshifter) (Vaults:1)
  16 yaktaurs
  4 freezing wraiths
  4 rime drakes
  A tengu conjurer (D:12)
  9 komodo dragons
  2 hellwings (Swamp:4)
  8 trolls
  5 blink frogs (Lair:3)
  10 polar bears (Lair:6)
  A boulder beetle zombie (Vaults:1)
  4 raiju (Lair:6)
  12 tyrant leeches
  20 hornets
  31 slime creatures
  3 shadows (D:14)
  The ghost of Vurut the Cudgeller, an amateur OgMo (D:3)
  5 wraiths
  A shapeshifter (Vaults:2)
  11 spriggans
  5 wyverns
  2 fire bats (Volcano)
  7 hogs
  42 yaks
  7 basilisks
  2 fire elementals (D:11)
  A chaos spawn (Swamp:4)
  2 neqoxecs (Swamp:4)
  10 vampire mosquitoes
  14 swamp worms
  3 soldier ants
  An acid dragon (D:13)
  An acid dragon (shapeshifter) (Vaults:1)
  55 nagas
  18 water moccasins
  7 wargs
  A swamp worm (shapeshifter) (Vaults:2)
  14 hell hounds
  5 swamp drakes
  47 orc warriors
  An ice beast (shapeshifter) (Vaults:1)
  An orc zombie (Vaults:1)
  An ice beast (D:14)
  5 sky beasts
  11 black bears (Lair:6)
  An eye of draining (shapeshifter) (Vaults:1)
  26 ogres
  4 boggarts
  19 wolves
  8 centaurs
  3 phantoms
  A big kobold (D:15)
  15 bullfrogs
  A wyvern zombie (D:12)
  A deep troll simulacrum (Vaults:1)
  A wyvern skeleton (D:7)
  3 scorpions
  A water moccasin skeleton (D:5)
  3 killer bees (D:11)
  13 wights
  6 howler monkeys
  An electric eel (D:9)
  A human simulacrum (Vaults:1)
  4 jellies
  Crazy Yiuf (D:6)
  12 hounds
  4 bullfrog skeletons
  32 orc priests
  2 centaur skeletons
  An iguana (D:9)
  Natasha (thrice) (D:3)
  36 orc wizards
  4 worker ants
  A killer bee zombie (D:8)
  A hound zombie (D:6)
  A howler monkey zombie (D:9)
  2 worker ant zombies
  12 gnolls (Bailey)
  15 adders
  A white imp (D:5)
  An ufetubus (D:6)
  3 oozes
  An adder skeleton (D:4)
  4 worms
  3 dart slugs
  5 leopard geckos
  113 orcs
  3 giant cockroaches
  36 goblins
  18 hobgoblins
  19 jackals
  8 kobolds
  9 quokkas
  5 ball pythons
  8 bats
  2 frilled lizards
  A jackal skeleton (D:6)
  2 quokka skeletons
  3 rats
  A bush (Lair:1)
1401 creatures vanquished.

Vanquished Creatures (others)
  A nagaraja (Snake:4)
  An alligator (Swamp:2)
  A two-headed ogre (Volcano)
  A deep elf knight (Vaults:1)
  A goliath frog (Swamp:4)
  An unseen horror (D:12)
  A deep elf zephyrmancer (Vaults:1)
  A deep elf pyromancer (Swamp:4)
  3 bloated husks
  A hornet (Swamp:4)
  An orc wizard (Orc:2)
  24 foxfires
  36 fungi
  67 plants
140 creatures vanquished.

Grand Total: 1541 creatures vanquished

Notes
Turn   | Place    | Note
-------+----------+-------------------------------------------
     0 | D:1      | Illumine the Palentonga Enchanter began the quest for the
                  | Orb.
     0 | D:1      | Reached XP level 1. HP: 14/14 MP: 3/3
   495 | D:1      | Reached XP level 2. HP: 16/21 MP: 1/5
   502 | D:1      | Learned a level 2 spell: Ensorcelled Hibernation
  1138 | D:1      | Reached XP level 3. HP: 27/27 MP: 6/6
  1832 | D:2      | Reached XP level 4. HP: 30/36 MP: 7/7
  1903 | D:2      | Reached skill level 1 in Fighting
  2002 | D:2      | Upgraded the game from 0.27-a0-223-ge082b6e to
                  | 0.27-a0-237-g52650a7
  2059 | D:2      | Found a white marble altar of Elyvilon.
  2885 | D:3      | Noticed Natasha
  2891 | D:3      | Killed Natasha
  3022 | D:3      | Noticed Natasha
  3032 | D:3      | Killed Natasha
  3033 | D:3      | Reached skill level 1 in Armour
  3033 | D:3      | Reached XP level 5. HP: 27/43 MP: 8/8
  3149 | D:3      | Noticed Natasha
  3157 | D:3      | Killed Natasha
  3299 | D:3      | Reached skill level 2 in Fighting
  3321 | D:3      | Found a runed translucent door.
  3673 | D:3      | Noticed Vurut's ghost (amateur OgMo)
  3926 | D:4      | Noticed an ogre
  4120 | D:3      | Reached XP level 6. HP: 52/53 MP: 9/9
  4432 | D:4      | Reached skill level 3 in Fighting
  4553 | D:4      | Reached skill level 5 in Short Blades
  4553 | D:4      | Gained mutation: You curl defensively after being hit.
                  | [Palentonga growth]
  4553 | D:4      | Reached XP level 7. HP: 50/60 MP: 10/10
  4887 | D:4      | Found a glowing silver altar of Zin.
  4887 | D:4      | Found a shadowy altar of Dithmenos.
  5460 | D:5      | Entered Level 5 of the Dungeon
  5529 | D:5      | Found an iron altar of Okawaru.
  5560 | D:5      | Became a worshipper of Warmaster Okawaru
  5723 | D:5      | Reached skill level 4 in Fighting
  5823 | D:5      | Reached * piety under Okawaru
  6031 | D:5      | Learned a level 3 spell: Tukima's Dance
  6101 | D:5      | Found a burning altar of Makhleb.
  6101 | D:5      | Found an ancient bone altar of Kikubaaqudgha.
  6101 | D:5      | Found a radiant altar of Vehumet.
  6189 | D:5      | Reached XP level 8. HP: 66/71 MP: 11/11
  6292 | D:6      | Found a staircase to the Ecumenical Temple.
  6322 | D:6      | Reached skill level 1 in Invocations
  6416 | D:6      | Found Nutuz's General Store.
  6536 | D:6      | Reached skill level 5 in Fighting
  6747 | D:6      | Reached ** piety under Okawaru
  6800 | D:6      | Found Oceog's Serpentskin Sales.
  7106 | D:6      | Bought a +2 chain mail of poison resistance for 203 gold
                  | pieces
  7287 | D:6      | Found a runed translucent door.
  7288 | D:6      | Noticed Crazy Yiuf
  7294 | D:6      | Killed Crazy Yiuf
  7749 | D:7      | Found Xemioh's Distillery.
  7763 | D:7      | Reached XP level 9. HP: 79/79 MP: 12/12
  7891 | D:7      | Found a broken altar of Ashenzari.
  8198 | D:8      | Found Jyrunesm's Distillery.
  8230 | D:8      | Bought a potion of heal wounds for 60 gold pieces
  8248 | D:8      | Found a flagged portal.
  8259 | Bailey   | Entered a bailey
  8564 | Bailey   | Reached skill level 6 in Fighting
  8601 | Bailey   | Reached skill level 5 in Armour
  8834 | Bailey   | Noticed an orc knight
  8855 | Bailey   | Killed an orc knight
  8855 | Bailey   | Reached *** piety under Okawaru
  8869 | Bailey   | Reached skill level 5 in Invocations
  9096 | Bailey   | Noticed an orc knight
  9124 | Bailey   | Killed an orc knight
  9124 | Bailey   | Reached **** piety under Okawaru
  9125 | Bailey   | Reached skill level 7 in Fighting
  9125 | Bailey   | Reached XP level 10. HP: 53/92 MP: 12/14
  9125 | Bailey   | Identified the +13 plate armour of Caqaw {Str-2 Dex+2
                  | Slay+2}
  9230 | Bailey   | Noticed an orc warlord
  9241 | Bailey   | Killed an orc warlord
  9513 | Bailey   | Found the +10 Black Knight's barding {ponderous, rPois rN+}
  9552 | D:8      | Reached skill level 8 in Fighting
  9552 | D:8      | Reached skill level 10 in Short Blades
  9552 | D:8      | Reached XP level 11. HP: 101/101 MP: 14/17
  9553 | D:8      | Reached skill level 9 in Fighting
  9553 | D:8      | Reached XP level 12. HP: 112/112 MP: 14/18
 10525 | D:8      | Noticed a two-headed ogre
 10537 | D:8      | Killed a two-headed ogre
 10685 | D:8      | Found a shimmering altar of Xom.
 10957 | D:9      | Reached skill level 1 in Long Blades
 10962 | D:9      | Reached ***** piety under Okawaru
 11022 | D:9      | Noticed Maurice
 11030 | D:9      | Killed Maurice
 11064 | D:9      | Identified the +6 short sword of Unpleasantness {holy,
                  | rElec rF+ Str+4 Stlth-} (You found it on level 9 of the
                  | Dungeon)
 11325 | D:9      | Found Rautt's Gadget Shop.
 11701 | D:10     | Entered Level 10 of the Dungeon
 11720 | D:10     | Found a staircase to the Lair.
 11771 | D:10     | Found Rianwius's Jewellery Boutique.
 12001 | D:10     | Received a gift from Okawaru
 12467 | Lair:1   | Entered Level 1 of the Lair of Beasts
 12667 | Lair:1   | Noticed a six-headed hydra
 12677 | Lair:1   | Killed a six-headed hydra
 13595 | Lair:2   | Found a staircase to the Swamp.
 13604 | Lair:2   | Reached skill level 1 in Evocations
 13839 | Lair:2   | Reached skill level 10 in Fighting
 13863 | Lair:2   | Reached skill level 10 in Armour
 13878 | Lair:2   | Reached XP level 13. HP: 100/120 MP: 20/20
 14247 | Lair:2   | Reached skill level 10 in Invocations
 14688 | Lair:2   | Got an ichor-stained flail
 14689 | Lair:2   | Identified the +3 flail "Ymecuadgh" {venom, rF+} (You found
                  | it on level 2 of the Lair of Beasts)
 14941 | Lair:3   | Found a dark tunnel.
 14960 | Volcano  | Entered a volcano
 15521 | Lair:3   | Received a gift from Okawaru
 15524 | Lair:3   | Got a translucent glaive {god gift}
 16263 | Lair:3   | Reached skill level 5 in Long Blades
 16773 | Lair:3   | Received a gift from Okawaru
 16777 | Lair:3   | Reached skill level 11 in Fighting
 16801 | Lair:3   | Got a transparent barding {god gift}
 16812 | Lair:3   | Identified the +2 barding of the Bard {+Blink +Inv Str-4
                  | Dex+2} (Okawaru gifted it to you on level 3 of the Lair of
                  | Beasts)
 16823 | Lair:3   | Identified the +3 glaive of Turmoil {venom, rPois rC+ Int+8
                  | Dex-5} (Okawaru gifted it to you on level 3 of the Lair of
                  | Beasts)
 17202 | Lair:3   | Upgraded the game from 0.27-a0-237-g52650a7 to
                  | 0.27-a0-240-g0dbb1cd
 17608 | Lair:4   | Reached skill level 5 in Evocations
 17685 | Lair:4   | Found a staircase to the Snake Pit.
 17800 | Lair:4   | Reached XP level 14. HP: 129/132 MP: 21/21
 19156 | Lair:5   | Got a dazzling short sword
 19157 | Lair:5   | Identified the +7 short sword of the Insatiable Friars
                  | {vorpal, Dex+3} (You found it on level 5 of the Lair of
                  | Beasts)
 19580 | Lair:6   | Entered Level 6 of the Lair of Beasts
 19976 | D:10     | Bought a +6 ring of strength for 819 gold pieces
 20703 | Lair:5   | Received a gift from Okawaru
 21784 | Lair:6   | Reached ****** piety under Okawaru
 21784 | Lair:6   | Received a gift from Okawaru
 21785 | Lair:6   | Got a crude barding {god gift}
 21796 | Lair:6   | Identified the +0 barding of Snakes and Ladders {+Inv Int-4
                  | Dex+5} (Okawaru gifted it to you on level 6 of the Lair of
                  | Beasts)
 21867 | Lair:6   | Reached skill level 12 in Fighting
 21917 | Lair:6   | Found a staircase to the Slime Pits.
 22424 | Lair:6   | Found a runed translucent door.
 22492 | Lair:6   | Upgraded the game from 0.27-a0-240-g0dbb1cd to
                  | 0.27-a0-242-ge0fc76b
 22521 | Lair:6   | Reached XP level 15. HP: 23/142 MP: 22/22
 23170 | Lair:6   | Received a gift from Okawaru
 23171 | Lair:6   | Reached skill level 5 in Dodging
 26031 | D:11     | Identified Inko Ife's Tome of Dislocated Evil Rites
 26081 | D:11     | Upgraded the game from 0.27-a0-242-ge0fc76b to
                  | 0.27-a0-245-g075faa5
 26501 | D:12     | Received a gift from Okawaru
 26510 | D:12     | Identified the +6 hunting sling of Forgiveness {flame,
                  | SInv} (Okawaru gifted it to you on level 12 of the Dungeon)
 26512 | D:12     | Identified 4 scrolls of acquirement
 26542 | D:11     | Acquired the +1 pair of gloves of Snakes and Ladders {Harm
                  | Str+4}
 26549 | D:11     | Acquired the amulet of Quuwkyle {Spirit rPois rN+}
 26561 | D:11     | Acquired 520 gold pieces
 26563 | D:11     | Acquired 714 gold pieces
 27084 | D:12     | Found a corrupted altar of Lugonu.
 27254 | D:13     | Noticed Erolcha
 27262 | D:13     | Killed Erolcha
 27592 | D:13     | Acquired 655 gold pieces
 27744 | D:13     | Reached skill level 13 in Fighting
 28330 | D:11     | Found a staircase to the Orcish Mines.
 28363 | Orc:1    | Entered Level 1 of the Orcish Mines
 28787 | Orc:2    | Entered Level 2 of the Orcish Mines
 29106 | Orc:2    | Received a gift from Okawaru
 29539 | Orc:2    | Reached XP level 16. HP: 110/153 MP: 17/23
 30019 | Orc:2    | Found a staircase to the Elven Halls.
 30347 | Orc:2    | Found Ilagraewk's Distillery.
 30347 | Orc:2    | Found Bitytid's Antique Weapon Emporium.
 30350 | Orc:2    | Found Bohof's Weapon Emporium.
 30352 | Orc:2    | Found Wiux Ara's Antique Weapon Shoppe.
 30354 | Orc:2    | Bought a potion of cancellation for 96 gold pieces
 30366 | Orc:2    | Bought a fine falchion for 240 gold pieces
 30368 | Orc:2    | Identified the +11 falchion of Eternal War {flame, Str+2}
                  | (You bought it in a shop on level 2 of the Orcish Mines)
 31389 | D:14     | Reached skill level 10 in Long Blades
 31679 | D:14     | Received a gift from Okawaru
 31806 | D:14     | Found a hide-covered altar of Uskayaw.
 31824 | D:14     | Found a gate to the Vaults.
 31891 | D:15     | Entered Level 15 of the Dungeon
 32354 | D:15     | Found a staircase to the Depths.
 33222 | Swamp:1  | Entered Level 1 of the Swamp
 34493 | Swamp:1  | Noticed Kirke
 34842 | Swamp:1  | Noticed a sphinx
 34844 | Swamp:1  | Killed Kirke
 35778 | Swamp:2  | Received a gift from Okawaru
 35783 | Swamp:2  | Reached skill level 14 in Fighting
 36200 | Swamp:2  | Reached skill level 10 in Evocations
 36789 | Swamp:3  | Reached XP level 17. HP: 150/162 MP: 22/24
 38373 | Swamp:4  | Entered Level 4 of the Swamp
 38431 | Swamp:3  | Received a gift from Okawaru
 39312 | Swamp:4  | HP: 7/164 [tyrant leech (7)]
 39795 | Swamp:4  | Received a gift from Okawaru
 40450 | Swamp:4  | Acquired a +2 hat of willpower
 40580 | Swamp:4  | Got a decaying rune of Zot
 40590 | Swamp:4  | Reached skill level 15 in Fighting
 40887 | Swamp:4  | Found a transporter.
 40933 | Swamp:4  | Noticed Foxy's ghost (adept GrFi)
 41167 | Swamp:4  | Found a transporter.
 41292 | Snake:1  | Entered Level 1 of the Snake Pit
 42379 | Snake:1  | Received a gift from Okawaru
 42443 | Snake:1  | Reached XP level 18. HP: 47/174 MP: 25/25
 43070 | Snake:1  | Identified the +2 scimitar of Omnom {vamp, +Blink rF- Dex+3
                  | SInv} (Okawaru gifted it to you on level 1 of the Snake
                  | Pit)
 43120 | Snake:1  | Found Zoyppeohu's Gadget Shop.
 43129 | Snake:1  | Found Jecism's Jewellery Emporium.
 43130 | Snake:1  | Found Pimayps's Gadget Shop.
 43142 | Snake:1  | Bought the ring "Qixut" {rElec rPois rF+ Dex-3 SInv} for
                  | 508 gold pieces
 43571 | Snake:1  | Found Lair Qycle's Book Shoppe.
 43574 | Snake:1  | Bought a manual of Armour for 1104 gold pieces
 43881 | Snake:1  | Upgraded the game from 0.27-a0-245-g075faa5 to
                  | 0.27-a0-249-g74f53ef
 44112 | Swamp:4  | Received a gift from Okawaru
 44113 | Swamp:4  | Got a jewelled scale mail {god gift}
 44326 | Snake:2  | Identified the +4 scale mail "Sath" {rC+ SInv Stlth+}
                  | (Okawaru gifted it to you on level 4 of the Swamp)
 44356 | Snake:2  | Found Uhizoxt's Distillery.
 44364 | Snake:2  | Bought a potion of experience for 850 gold pieces
 44364 | Snake:2  | Reached skill level 1 in Bows
 44364 | Snake:2  | Reached XP level 19. HP: 184/184 MP: 26/26
 46489 | Snake:4  | Entered Level 4 of the Snake Pit
 46592 | Snake:4  | Reached skill level 15 in Armour
 46805 | Snake:4  | Reached skill level 16 in Fighting
 48059 | Snake:4  | Received a gift from Okawaru
 48099 | Snake:4  | Identified the +1 barding "Tacwenun" {rF+ Regen+ rCorr
                  | Str+4} (Okawaru gifted it to you on level 4 of the Snake
                  | Pit)
 49825 | Snake:4  | Reached skill level 5 in Bows
 50437 | Snake:4  | Got a serpentine rune of Zot
 50936 | D:3      | Killed Vurut's ghost
 50937 | D:3      | Reached XP level 20. HP: 194/194 MP: 27/27
 51335 | Vaults:1 | Entered Level 1 of the Vaults
 52196 | Vaults:1 | Received a gift from Okawaru
 52216 | Vaults:1 | Identified the +1 battleaxe "Giggytis" {venom, rPois rF-
                  | Int+2} (Okawaru gifted it to you on level 1 of the Vaults)
 53104 | Vaults:1 | Reached skill level 17 in Fighting
 53119 | Vaults:1 | Received a gift from Okawaru
 53998 | Vaults:1 | Received a gift from Okawaru
 54001 | Vaults:1 | Identified the +1 plate armour "Caubeik" {Rampage rPois
                  | MP+9} (Okawaru gifted it to you on level 1 of the Vaults)
 55809 | Vaults:2 | Reached skill level 18 in Fighting
 56305 | Vaults:2 | Reached XP level 21. HP: 207/207 MP: 28/28
 57073 | Vaults:2 | Found a staircase to the Crypt.
 57309 | Vaults:2 | Killed from afar by a fire giant

Illustrated notes

Levels and vault maps discovered:
D:1:      dpeg_arrival_prison, layout_loops_ring, minmay_misc_feat_cross,
          minivault_4
D:2:      layout_loops_corners, overflow_temple_1_default
D:3:      layout_basic, gammafunk_ghost_grave, kennysheep_crisscross,
          hangedman_decor_points, uniq_natasha
D:4:      layout_basic, gammafunk_temple_overflow_elements,
          minmay_misc_feat_four_crosses, nrook_uturn, minmay_parallelograms
D:5:      layout_rooms, lemuel_doored_altar, gammafunk_temple_overflow_claw
D:6:      layout_cave_pools, minmay_temple_entry_slanted, serial_shops, shop,
          nrook_loot_triangle, guppyfry_shop_venom, uniq_crazy_yiuf_cottage
D:7:      layout_cave_pools, serial_shops, shop_fountains,
          nicolae_ashenzari_panopticon
D:8:      layout_layer_cave, old_standard_altar, enter_bailey_3, serial_shops,
          shop
D:9:      layout_basic, serial_shops, shop, minmay_misc_feat_tower, uniq_maurice
D:10:     layout_stronghold, lair_entry_dummy, serial_shops,
          kennysheep_little_box, serial_bayou_pond_c
D:11:     cheibrodos_lost_city_excavation, layout_irregular_city, erik_orc_1
D:12:     minmay_distorted_concentric_squares, layout_layer_cave,
          tgw_lugonu_bribe
D:13:     layout_rooms, uniq_erolcha
D:14:     layout_roguey, david_vaults_2, minmay_strange_pillars, basic_altar
D:15:     hangedman_depths_entry_try_elsewhere_first, layout_small_grid,
          nicolae_sextant
Lair:1:   layout_layer_cave, minmay_lair_oklob_items
Lair:2:   layout_loops_ring, skrybe_swamp_entry_bodies
Lair:3:   layout_hall_layers, nicolae_volcano_entry_two_sided,
          grunt_megastairs_2, lemuel_fruit_fields
Lair:4:   layout_layer_cave, guppyfry_snake_entry_island, grunt_megastairs_4,
          infiniplex_staircase_pool_2
Lair:5:   layout_long_grid, grunt_megastairs_3
Lair:6:   wormcave, layout_concentric_octagons,
          hangedman_lair_caniforms_friends, minmay_slime_entry_pillars
Swamp:1:  layout_basic_swamp, hangedman_swamp_blocks, swamp_pool1,
          nicolae_swamp_hydra_murder_den, infiniplex_staircase_pool, uniq_kirke
Swamp:2:  layout_basic_swamp, evilmike_swamp_ruin_house_6, swamp_pool5,
          nicolae_swamp_rocky_clearing, nicolae_swamp_oklob_treasure_island
Swamp:3:  cheibrodos_swamp_heart_of_darkness, layout_basic_swamp,
          serial_swamp_ruin, evilmike_swamp_ruin_house_5,
          evilmike_swamp_ruin_house_1, swamp_pool2
Swamp:4:  nzn_swamp_witches_coven, layout_basic_swamp,
          gammafunk_ghost_berserking_beasts
Snake:1:  layout_misc_corridors, special_room, serial_shops,
          nicolae_shop_behind_doors, grunt_megastairs_1, lemuel_fruit_tree,
          minmay_shop_grove
Snake:2:  layout_onion_interference, special_room, serial_shops,
          nicolae_shop_statue_plus
Snake:3:  layout_misc_corridors
Snake:4:  snake_pit, layout_cave_pods
Orc:1:    layout_caves
Orc:2:    st_orc_mages, layout_caves
Vaults:1: nicolae_vaults_big_ls, vaults_dpeg_diagonal, v_pattern_2, v_rooms_2,
          nicolae_vaults_windows_and_doors_thing, nicolae_vaults_network_star,
          v_alt_pattern_4, ontoclasm_vaults_shuriken, v_misc_5, v_misc_13,
          vaults_dpeg_ring, dpeg_vaults_pockets_of_resistance,
          ontoclasm_vaults_twist, ontoclasm_vaults_gateway,
          grunt_vaults_hallway_short, layout_vaults_omnicross
Vaults:2: st_greater_box_1, minmay_crypt_entry_nasty_monster,
          nicolae_vaults_ring_of_whatevers, v_misc_14, vaults_room_pool,
          grunt_vaults_hallway_short, v_misc_31, vaults_room_hallway,
          ontoclasm_vaults_loading_screen, hangedman_vaults_cutoff,
          ontoclasm_vaults_decontamination, vaults_room_ringed_pool,
          layout_vaults_big_room

Skill      XL: |  1  2  3  4  5  6  7  8  9 10 11 12 13 14 15 16 17 18 19 20 |
---------------+-------------------------------------------------------------+-----
Short Blades   | 2 3 4 5 6 7 8 10 11 | 11.6
Fighting       | 1 2 3 4 5 7 8 9 10 11 12 13 14 15 16 18 | 18.4
Armour         | 1 2 3 4 5 8 9 10 11 12 13 14 15 17 | 17.1
Dodging        | 2 4 6 8 |  8.0
Invocations    | 3 5 8 9 10 | 10.0
Long Blades    | 2 6 8 9 11 13 14 | 14.5
Evocations     | 1 5 7 8 10 | 10.1
Bows           | 1 5 8 |  8.3
Stealth        | |  2.0
Spellcasting   | |  2.0
Hexes          | |  3.0

Action                   |  1- 3 |  4- 6 |  7- 9 | 10-12 | 13-15 | 16-18 | 19-21 || total
-------------------------+-------+-------+-------+-------+-------+-------+-------++-------
Melee: Dagger            |   115 |    42 |       |       |       |       |       ||   157
       Tailslap          |    10 |    11 |    50 |    43 |   284 |   240 |   196 ||   834
       Short sword       |       |   134 |   491 |   294 |   678 |    12 |       ||  1609
       Punch             |       |       |     1 |     1 |     2 |     1 |       ||     5
       Double sword      |       |       |       |       |   807 |  1178 |   933 ||  2918
       Great sword       |       |       |       |       |    80 |       |       ||    80
       Falchion          |       |       |       |       |       |    44 |       ||    44
 Fire: Longbow           |       |       |       |       |       |       |   225 ||   225
Throw: Dart              |       |       |       |     5 |     2 |       |       ||     7
 Cast: Corona            |     7 |       |       |       |       |       |       ||     7
       Ensorcelled Hiber |     1 |       |       |       |       |       |       ||     1
Invok: Heroism           |       |       |     4 |     2 |     7 |     5 |     2 ||    20
       Finesse           |       |       |       |       |       |     1 |     1 ||     2
 Abil: Rolling Charge    |    13 |    26 |    15 |    15 |    59 |    36 |       ||   164
Evoke: Wand              |       |       |     2 |     4 |     4 |       |     7 ||    17
       Tin of tremorston |       |       |       |       |       |       |     4 ||     4
       Phial of floods   |       |       |       |       |       |       |     1 ||     1
  Use: Scroll            |       |       |    18 |     6 |    20 |    15 |     3 ||    62
       Potion            |       |       |     3 |     3 |       |     7 |     5 ||    18
 Stab: Sleeping          |     2 |     1 |       |       |       |       |       ||     3
       Invisible         |       |       |       |     4 |       |       |       ||     4
       Confused          |       |       |       |       |       |     2 |       ||     2
       Distracted        |       |       |       |       |       |     1 |       ||     1
Armor: Robe              |    30 |    33 |       |       |       |       |       ||    63
       Ring mail         |       |    19 |    85 |       |       |       |       ||   104
       Skin              |       |     1 |       |       |       |       |       ||     1
       Chain mail        |       |       |    76 |       |       |       |       ||    76
       Plate armour      |       |       |       |   112 |  1684 |  1310 |   799 ||  3905
Dodge: Dodged            |    58 |    65 |   132 |    10 |   355 |   349 |   280 ||  1249
Block: Other             |     3 |    32 |    88 |    32 |   102 |    48 |   202 ||   507
       Reflection        |       |     2 |     1 |       |       |     5 |    24 ||    32
       Rpst.: Double sword |       |       |       |       |    64 |    66 |    47 ||   177
       Great sword       |       |       |       |       |     4 |       |       ||     4
       Falchion          |       |       |       |       |       |     2 |       ||     2

Table legend: (Time is in decaauts)
 A = Elapsed time spent in this place.
 B = Non-inter-level travel time spent in this place.
 C = Inter-level travel time spent in this place.
 D = Time resting spent in this place.
 E = Time spent auto-exploring this place.
 F = Levels seen in this place.
 G = Mean time per level.
                   A        B        C        D        E       F      G
               +--------+--------+--------+--------+--------+-----+--------+
         Total |  58829 |  55624 |   3205 |  20842 |  24363 |  35 | 1680.8 |
       Dungeon |  18864 |  17336 |   1528 |   4449 |   9870 |  15 | 1257.6 |
          Lair |  13267 |  12417 |    850 |   4695 |   5728 |   6 | 2211.2 |
         Swamp |   8342 |   7951 |    391 |   3556 |   2808 |   4 | 2085.5 |
     Snake Pit |   8707 |   8372 |    335 |   4111 |   2654 |   4 | 2176.8 |
  Orcish Mines |   2502 |   2427 |     75 |    795 |   1158 |   2 | 1251.0 |
        Vaults |   5522 |   5497 |     25 |   2345 |   2058 |   2 | 2761.0 |
        Bailey |   1197 |   1197 |      0 |    709 |     33 |   1 | 1197.0 |
       Volcano |    425 |    425 |      0 |    179 |     52 |   1 |  425.0 |
               +--------+--------+--------+--------+--------+-----+--------+

Top non-repeatable levels by time:
  Lair:6: 3597 daAuts
Vaults:1: 3294 daAuts
 Snake:3: 3122 daAuts
 Swamp:3: 2879 daAuts
 Snake:4: 2550 daAuts
  Lair:4: 2332 daAuts
 Snake:1: 2240 daAuts
Vaults:2: 2227 daAuts
  Lair:5: 2133 daAuts
    D:11: 2055 daAuts
  Lair:3: 1981 daAuts
 Swamp:4: 1910 daAuts
 Swamp:2: 1841 daAuts
   Orc:2: 1824 daAuts
     D:4: 1715 daAuts
